| TOP OF THE 1ST |
|
Arkansas Travelers batting - Pitching for Shreveport Braves : RHP Chuck Johnson
|
|
Pitching: RHP Chuck Johnson
|
|
|
Batting: RHB Randy Milligan
|
0-0: Called Strike 0-1: Ball 1-1: Called Strike 1-2: Ball 2-2: Ball 3-2: Fly out, F5 (Flyball, 5D, EV 78.1 MPH)
|
|
Batting: SHB Bob Meacham
|
0-0: Called Strike 0-1: SINGLE (Groundball, 6MD, EV 98.8 MPH)
|
|
Batting: SHB Bobby Bonilla
|
0-0: Ball 1-0: Ball 2-0: Called Strike 2-1: Called Strike 2-2: Strikes out swinging
|
|
Batting: LHB Phil Stephenson
|
0-0: Called Strike 0-1: Swinging Strike 0-2: Strikes out looking
|
| Top of the 1st over - 0 runs, 1 hit, 0 errors, 1 left on base; Arkansas 0 - Shreveport 0 |
| BOTTOM OF THE 1ST |
|
Shreveport Braves batting - Pitching for Arkansas Travelers : LHP Ronald Driver
|
|
Pitching: LHP Ronald Driver
|
|
|
Batting: LHB Rusty McNealy
|
0-0: Called Strike 0-1: Bunt missed! 0-2: Foul Ball, location: 2F 0-2: Ball 1-2: Foul Ball, location: 2F 1-2: Foul Ball, location: 5F, Error on foul ball, E5 1-2: Ball 2-2: Ground out 4-3 (Groundball, 4, EV 101.3 MPH)
|
|
Batting: LHB Robert Loscalzo
|
0-0: Called Strike 0-1: Called Strike 0-2: Ball 1-2: Ball 2-2: Foul Ball, location: 2F 2-2: Foul Ball, location: 2F 2-2: Fly out, F8 (Line Drive, 8RXD, EV 98.1 MPH)
|
|
Batting: SHB Sap Randall
|
0-0: SINGLE (Groundball, 4M, EV 87.5 MPH) (infield hit)
|
|
Batting: RHB Alfonso Gomez
|
0-0: Ball 1-0: Ball 2-0: Called Strike 2-1: Ball 3-1: Base on Balls Sap Randall to second
|
|
Batting: LHB Tracy Dophied
|
0-0: Ball 1-0: Fly out, F8 (Flyball, 8LD, EV 103.8 MPH)
|
| Bottom of the 1st over - 0 runs, 1 hit, 1 error, 2 left on base; Arkansas 0 - Shreveport 0 |
| TOP OF THE 2ND |
|
Arkansas Travelers batting - Pitching for Shreveport Braves : RHP Chuck Johnson
|
|
Batting: RHB Denny Gonzalez
|
0-0: Ball 1-0: Foul Ball, location: 2F 1-1: Foul Ball, location: 2F 1-2: Ball 2-2: DOUBLE (Flyball, 9LD, EV 114.4 MPH)
|
|
Batting: LHB Dave Magadan
|
0-0: Called Strike 0-1: Ball 1-1: Foul Ball, location: 2F 1-2: Ball 2-2: Ball 3-2: Foul Ball, location: 2F 3-2: Ground out 1-3 (Groundball, 13S, EV 68.8 MPH) Denny Gonzalez to third
|
|
Batting: LHB Jesus Marinez
|
0-0: Foul Ball, location: 2F 0-1: Fly out, F7 (Flyball, 7, EV 80.6 MPH) Runner from 3rd tags up, OUT at HOME! 7-2
|
| Top of the 2nd over - 0 runs, 1 hit, 0 errors, 0 left on base; Arkansas 0 - Shreveport 0 |
| BOTTOM OF THE 2ND |
|
Shreveport Braves batting - Pitching for Arkansas Travelers : LHP Ronald Driver
|
|
Batting: RHB Thomas Popovich
|
0-0: Foul Ball, location: 2F 0-1: Fly out, F4 (Popup, 4D, EV 66.9 MPH)
|
|
Batting: RHB Scott Ullger
|
0-0: Ball 1-0: Foul Ball, location: 2F 1-1: Ball 2-1: Ball 3-1: Swinging Strike 3-2: Base on Balls
|
|
Batting: RHB Jeff Matthews
|
0-0: Foul Ball, location: 2F 0-1: Swinging Strike 0-2: Ball 1-2: Ball 2-2: Fly out, F9 (Flyball, 9LM, EV 81.3 MPH)
|
|
Batting: RHB Dave Buffamoyer
|
0-0: Ball 1-0: Ball 2-0: Foul Ball, location: 2F 2-1: Ball 3-1: Foul Ball, location: 2F 3-2: Foul Ball, location: 2F 3-2: Base on Balls Scott Ullger to second
|
|
Batting: LHB Rusty McNealy
|
0-0: Ball 1-0: Ground out 5-3 (Groundball, 5S, EV 83.1 MPH)
|
| Bottom of the 2nd over - 0 runs, 0 hits, 0 errors, 2 left on base; Arkansas 0 - Shreveport 0 |
| TOP OF THE 3RD |
|
Arkansas Travelers batting - Pitching for Shreveport Braves : RHP Chuck Johnson
|
|
Batting: RHB Rob Deer
|
0-0: Called Strike 0-1: DOUBLE (Flyball, 8RXD, EV 92.5 MPH)
|
|
Batting: RHB Alex Duarte
|
0-0: Fly out, F8 (Flyball, 8RD, EV 92.5 MPH)
|
|
Batting: RHB Randy Milligan
|
0-0: Called Strike 0-1: Ball 1-1: Foul Ball, location: 2F 1-2: Foul Ball, location: 2F 1-2: Ball 2-2: Fly out, F7 (Flyball, 7, EV 93.8 MPH)
|
|
Pitching: RHP Alan Fowlkes
|
|
|
Batting: SHB Bob Meacham
|
0-0: Fly out, F8 (Flyball, 89D, EV 102.5 MPH)
|
| Top of the 3rd over - 0 runs, 1 hit, 0 errors, 1 left on base; Arkansas 0 - Shreveport 0 |
| BOTTOM OF THE 3RD |
|
Shreveport Braves batting - Pitching for Arkansas Travelers : LHP Ronald Driver
|
|
Batting: LHB Robert Loscalzo
|
0-0: Ball 1-0: Ground out 4-3 (Groundball, 34, EV 104.4 MPH)
|
|
Batting: SHB Sap Randall
|
0-0: Called Strike 0-1: Ball 1-1: Ball 2-1: Called Strike 2-2: Ball 3-2: Base on Balls
|
|
Batting: RHB Alfonso Gomez
|
0-0: Fly out, F7 (Flyball, 78M, EV 92.5 MPH)
|
|
Batting: LHB Tracy Dophied
|
0-0: Called Strike 0-1: Ball 1-1: Fly out, F6 (Flyball, 56D, EV 89.4 MPH)
|
| Bottom of the 3rd over - 0 runs, 0 hits, 0 errors, 1 left on base; Arkansas 0 - Shreveport 0 |
| TOP OF THE 4TH |
|
Arkansas Travelers batting - Pitching for Shreveport Braves : RHP Alan Fowlkes
|
|
Batting: SHB Bobby Bonilla
|
0-0: Ball 1-0: SINGLE (Line Drive, 78M, EV 91.3 MPH)
|
|
Batting: LHB Phil Stephenson
|
0-0: Foul Ball, location: 2F 0-1: Ball 1-1: Fly out, F9 (Flyball, 9D, EV 91.9 MPH)
|
|
Batting: RHB Denny Gonzalez
|
0-0: Called Strike Bobby Bonilla is caught stealing 2nd base 2-4 0-1: Ball 1-1: Called Strike 1-2: TRIPLE (Flyball, 89XD, EV 103.1 MPH)
|
|
Batting: LHB Dave Magadan
|
0-0: Ball 1-0: Called Strike 1-1: Ball 2-1: Ball 3-1: Base on Balls
|
|
Batting: LHB Jesus Marinez
|
0-0: Foul Ball, location: 2F 0-1: Ball 1-1: Swinging Strike 1-2: Ground out 4-3 (Groundball, 4, EV 88.8 MPH)
|
| Top of the 4th over - 0 runs, 2 hits, 0 errors, 2 left on base; Arkansas 0 - Shreveport 0 |
| BOTTOM OF THE 4TH |
|
Shreveport Braves batting - Pitching for Arkansas Travelers : LHP Ronald Driver
|
|
Batting: RHB Thomas Popovich
|
0-0: Fly out, F8 (Flyball, 8LXD, EV 95.6 MPH)
|
|
Batting: RHB Scott Ullger
|
0-0: Ball 1-0: Ball 2-0: Called Strike 2-1: Ground out 6-3 (Groundball, 6M, EV 80.6 MPH)
|
|
Batting: RHB Jeff Matthews
|
0-0: Ball 1-0: Fly out, F8 (Flyball, 8LD, EV 91.9 MPH)
|
| Bottom of the 4th over - 0 runs, 0 hits, 0 errors, 0 left on base; Arkansas 0 - Shreveport 0 |
| TOP OF THE 5TH |
|
Arkansas Travelers batting - Pitching for Shreveport Braves : RHP Alan Fowlkes
|
|
Batting: RHB Rob Deer
|
0-0: Called Strike 0-1: Ball 1-1: Foul Ball, location: 2F 1-2: Foul Ball, location: 2F 1-2: Strikes out swinging, 2-3 out at first.
|
|
Batting: RHB Alex Duarte
|
0-0: Ball 1-0: Called Strike 1-1: Foul Ball, location: 2F 1-2: Strikes out swinging
|
|
Batting: RHB Randy Milligan
|
0-0: Called Strike 0-1: Swinging Strike 0-2: Ball 1-2: Ball 2-2: Foul Ball, location: 2F 2-2: Ground out 5-3 (Groundball, 56, EV 108.8 MPH)
|
| Top of the 5th over - 0 runs, 0 hits, 0 errors, 0 left on base; Arkansas 0 - Shreveport 0 |
| BOTTOM OF THE 5TH |
|
Shreveport Braves batting - Pitching for Arkansas Travelers : LHP Ronald Driver
|
|
Batting: RHB Dave Buffamoyer
|
0-0: Called Strike 0-1: Swinging Strike 0-2: Ball 1-2: Ball 2-2: SOLO HOME RUN (Flyball, 7D, EV 104.4 MPH), Distance : 365 ft
|
|
Batting: LHB Rusty McNealy
|
0-0: Foul Ball, location: 2F 0-1: Ball 1-1: Swinging Strike 1-2: Foul Ball, location: 2F 1-2: Foul Ball, location: 2F 1-2: Foul Ball, location: 2F 1-2: Ball 2-2: Strikes out swinging
|
|
Batting: LHB Robert Loscalzo
|
0-0: Called Strike 0-1: Foul Ball, location: 2F 0-2: SINGLE (Groundball, 4MD, EV 94.4 MPH)
|
|
Batting: SHB Sap Randall
|
0-0: Grounds into double play, 6-4-3 (Groundball, 6, EV 105.6 MPH)
|
| Bottom of the 5th over - 1 run, 2 hits, 0 errors, 0 left on base; Arkansas 0 - Shreveport 1 |
| TOP OF THE 6TH |
|
Arkansas Travelers batting - Pitching for Shreveport Braves : RHP Alan Fowlkes
|
|
Batting: SHB Bob Meacham
|
0-0: Ball 1-0: Ground out U3 (Groundball, 3, EV 83.1 MPH)
|
|
Batting: SHB Bobby Bonilla
|
0-0: Called Strike 0-1: SINGLE (Line Drive, 8RS, EV 106.9 MPH)
|
|
Batting: LHB Phil Stephenson
|
0-0: Ball 1-0: Fly out, F9 (Flyball, 9, EV 84.4 MPH)
|
|
Batting: RHB Denny Gonzalez
|
0-0: Called Strike 0-1: Ball 1-1: Ball 2-1: SINGLE (Groundball, 34S, EV 73.1 MPH) (infield hit) Bobby Bonilla to second
|
|
Batting: LHB Dave Magadan
|
0-0: Fly out, F5 (Popup, 5SF, EV 73.1 MPH)
|
| Top of the 6th over - 0 runs, 2 hits, 0 errors, 2 left on base; Arkansas 0 - Shreveport 1 |
| BOTTOM OF THE 6TH |
|
Shreveport Braves batting - Pitching for Arkansas Travelers : LHP Ronald Driver
|
|
Batting: RHB Alfonso Gomez
|
0-0: Foul Ball, location: 2F 0-1: Called Strike 0-2: Foul Ball, location: 2F 0-2: Foul Ball, location: 2F 0-2: Ball 1-2: Ball 2-2: Strikes out swinging
|
|
Batting: LHB Tracy Dophied
|
0-0: Ball 1-0: Foul Ball, location: 2F 1-1: Ball 2-1: Ball 3-1: Base on Balls
|
|
Batting: RHB Thomas Popovich
|
0-0: Ball 1-0: Ball 2-0: Called Strike 2-1: Swinging Strike 2-2: Foul Ball, location: 2F 2-2: Ball 3-2: Strikes out looking
|
|
Batting: RHB Scott Ullger
|
0-0: Ball 1-0: Ball 2-0: Foul Ball, location: 2F 2-1: Ball 3-1: Fly out, F9 (Flyball, 9LM, EV 93.8 MPH)
|
| Bottom of the 6th over - 0 runs, 0 hits, 0 errors, 1 left on base; Arkansas 0 - Shreveport 1 |
| TOP OF THE 7TH |
|
Arkansas Travelers batting - Pitching for Shreveport Braves : RHP Alan Fowlkes
|
|
Batting: LHB Jesus Marinez
|
0-0: Swinging Strike 0-1: Ball 1-1: SINGLE (Line Drive, 89M, EV 97.5 MPH)
|
|
Pinch Hitting: LHB Terry Byrum
|
0-0: Ball 1-0: Ball 2-0: Ball 3-0: Base on Balls Jesus Marinez to second
|
|
Batting: RHB Alex Duarte
|
0-0: Bunted foul 0-1: Ball 1-1: Bunted foul 1-2: Fly out, F7 (Flyball, 7LD, EV 102.5 MPH) Runner from 2nd tags up, SAFE at 3rd, no throw by LF
|
|
Batting: RHB Randy Milligan
|
0-0: Called Strike 0-1: Called Strike Terry Byrum steals 2nd base 0-2: Ball 1-2: Ground out 6-3 (Groundball, 6, EV 91.9 MPH)
|
|
Batting: SHB Bob Meacham
|
0-0: Swinging Strike 0-1: Ball 1-1: Ball 2-1: Foul Ball, location: 2F 2-2: Fly out, F9 (Flyball, 9S, EV 89.4 MPH)
|
| Top of the 7th over - 0 runs, 1 hit, 0 errors, 2 left on base; Arkansas 0 - Shreveport 1 |
| BOTTOM OF THE 7TH |
|
Shreveport Braves batting - Pitching for Arkansas Travelers : LHP Ronald Driver
|
|
Now in RF: Terry Byrum
|
|
|
Batting: RHB Jeff Matthews
|
0-0: Foul Ball, location: 2F 0-1: Ball 1-1: Ground out U3 (Groundball, 3S, EV 84.4 MPH)
|
|
Batting: RHB Dave Buffamoyer
|
0-0: Ball 1-0: Ball 2-0: Ball 3-0: Called Strike 3-1: Base on Balls
|
|
Batting: LHB Rusty McNealy
|
0-0: Foul Ball, location: 2F 0-1: SINGLE (Groundball, 25, EV 64.4 MPH) (infield hit) Dave Buffamoyer to second
|
|
Pitching: RHP Vittore Fachinetti
|
|
|
Batting: LHB Robert Loscalzo
|
0-0: Foul Ball, location: 2F 0-1: Ball 1-1: Ball 2-1: Called Strike 2-2: Fielders Choice at 2nd, 4-6 (Groundball, 4, EV 85.6 MPH) Dave Buffamoyer to third
|
|
Batting: SHB Sap Randall
|
0-0: Ball 1-0: Ground out 4-3 (Groundball, 4, EV 81.9 MPH)
|
| Bottom of the 7th over - 0 runs, 1 hit, 0 errors, 2 left on base; Arkansas 0 - Shreveport 1 |
| TOP OF THE 8TH |
|
Arkansas Travelers batting - Pitching for Shreveport Braves : RHP Alan Fowlkes
|
|
Batting: SHB Bobby Bonilla
|
0-0: Ball 1-0: Foul Ball, location: 2F 1-1: Foul Ball, location: 2F 1-2: Strikes out looking
|
|
Batting: LHB Phil Stephenson
|
0-0: Fly out, F8 (Line Drive, 8RM, EV 101.9 MPH)
|
|
Batting: RHB Denny Gonzalez
|
0-0: Ball 1-0: Ball 2-0: Foul Ball, location: 2F 2-1: Ball 3-1: SINGLE (Flyball, 78D, EV 105.0 MPH)
|
|
Pitching: LHP Lee Belanger
|
|
|
Batting: LHB Dave Magadan
|
0-0: Ball 1-0: Foul Ball, location: 2F 1-1: Swinging Strike 1-2: Fielders Choice at 2nd, U6 (Groundball, 6M, EV 85.6 MPH)
|
| Top of the 8th over - 0 runs, 1 hit, 0 errors, 1 left on base; Arkansas 0 - Shreveport 1 |
| BOTTOM OF THE 8TH |
|
Shreveport Braves batting - Pitching for Arkansas Travelers : RHP Vittore Fachinetti
|
|
Batting: RHB Alfonso Gomez
|
0-0: Ball 1-0: Fly out, F8 (Flyball, 89D, EV 91.3 MPH)
|
|
Batting: LHB Tracy Dophied
|
0-0: Ball 1-0: Foul Ball, location: 2F 1-1: Fly out, F3 (Popup, 3SF, EV 83.1 MPH)
|
|
Batting: RHB Thomas Popovich
|
0-0: Ball 1-0: Foul Ball, location: 2F 1-1: Ball 2-1: Ball 3-1: Base on Balls
|
|
Batting: RHB Scott Ullger
|
0-0: Called Strike 0-1: Foul Ball, location: 2F 0-2: Foul Ball, location: 2F 0-2: Ball 1-2: Ball 2-2: SINGLE (Flyball, 5D, EV 87.5 MPH) Thomas Popovich to second Thomas Popovich to third
|
|
Batting: RHB Jeff Matthews
|
0-0: Ball 1-0: Called Strike 1-1: Foul Ball, location: 2F 1-2: Foul Ball, location: 2F 1-2: Strikes out looking
|
| Bottom of the 8th over - 0 runs, 1 hit, 0 errors, 2 left on base; Arkansas 0 - Shreveport 1 |
| TOP OF THE 9TH |
|
Arkansas Travelers batting - Pitching for Shreveport Braves : LHP Lee Belanger
|
|
Pinch Hitting: RHB Dennis Seats
|
0-0: Foul Ball, location: 2F 0-1: Called Strike 0-2: SINGLE (Line Drive, 5D, EV 99.4 MPH)
|
|
Pinch Hitting: RHB Kenneth Foster
|
0-0: Swinging Strike 0-1: Ball 1-1: Grounds into double play, 6-4-3 (Groundball, 6, EV 86.9 MPH)
|
|
Pinch Hitting: RHB Michael Strawberry
|
0-0: Ground out 4-3 (Groundball, 4, EV 85.0 MPH)
|
| Top of the 9th over - 0 runs, 1 hit, 0 errors, 0 left on base; Arkansas 0 - Shreveport 1 |
|